 Dungeon Crawl Stone Soup version 0.28.0-53-g5a82cb258f (webtiles) character file.

Game seed: 11996815914291294290

298 Atelerd the Digger (level 6, -1/57 HPs)
             Began as an Octopode Earth Elementalist on June 6, 2022.
             Slain by Duvessa
             ... wielding a +0 rapier
              (7 damage)
             ... on level 5 of the Dungeon.
             The game lasted 00:02:58 (3237 turns).

Atelerd the Digger (Octopode Earth Elementalist)    Turns: 3237, Time: 00:02:59

Health: -1/57      AC: 23    Str:  8    XL:     6   Next: 36%
Magic:  2/9        EV:  2    Int: 19    God:
Gold:   222        SH:  0    Dex: 12    Spells: 4/9 levels left

rFire   . . .      SeeInvis .   e - +8 war axe of Divine Reinforcement {pain, rC+}
rCold   + . .      Faith    .   (no shield)
rNeg    . . .      Spirit   .   (helmet currently unavailable)
rPois   +          Reflect  .   (no amulet)
rElec   .          Harm     .   (no ring)
rCorr   .          Rampage  .   (no ring)
Will    .....      NoTele   +   (no ring)
Stlth   ++........              (no ring)
HPRegen 0.19/turn               (no ring)
MPRegen 0.11/turn               (no ring)
                                (no ring)
                                (no ring)

@: lethally poisoned (-1 -> -6), tree-form, very slightly contaminated
A: stationary, stasis, torment immunity, boosted hp, almost no armour,
(amphibious), 8 rings, (camouflage 1), (gelatinous body 1), (nimble swimmer 1),
(tentacles)
a: no special abilities


You were on level 5 of the Dungeon.
You were a tree.
You visited 1 branch of the dungeon, and saw 5 of its levels.

You collected 222 gold pieces.

Inventory:

Hand Weapons
 c - a +0 dagger
 e - the +8 war axe of Divine Reinforcement (weapon) {pain, rC+}
   (You found it on level 2 of the Dungeon)

   In the hands of one skilled in necromantic magic, it inflicts extra damage on
   living creatures.
   rC:        It protects you from cold.
Missiles
 b - 136 stones
Jewellery
 f - a ring of fire
Scrolls
 g - a scroll of noise {unknown}
 h - 4 scrolls of identify {unknown}
 k - 2 scrolls of fear {unknown}
 m - a scroll of amnesia {unknown}
 o - a scroll of teleportation {unknown}
Potions
 a - a potion of curing
 d - a potion of invisibility {unknown}
 j - a potion of resistance {unknown}
 n - a potion of might {unknown}


   Skills:
 + Level 1.5 Fighting
 - Level 0.1 Short Blades
 + Level 2.6 Dodging
 + Level 4.0 Stealth
 + Level 2.4 Spellcasting
 + Level 2.7 Transmutations
 + Level 5.0 Earth Magic


You had 4 spell levels left.
You knew the following spells:

 Your Spells              Type           Power      Damage    Failure   Level
a - Sandblast             Erth           42%        2d11      1%          1
p - Petrify               Tmut/Erth      17%        N/A       32%         4

Your spell library contained the following spells:

 Spells                   Type           Power      Damage    Failure   Level
 Passwall                 Tmut/Erth      14%        N/A       4%          2
 Stone Arrow              Conj/Erth      22%        3d8       17%         3


Dungeon Overview and Level Annotations

Branches:
Dungeon (5/15)
 Temple: D:4-7

Altars:
Elyvilon
Wu Jian
Xom

Annotations:
D:5 Dowan, Duvessa


Innate Abilities, Weirdness & Mutations

You are a tree.
Your roots penetrate the ground, keeping you stationary.
You cannot be teleported.
You are immune to unholy pain and torment.
Your maximum health is greatly increased.
You cannot wear most types of armour.
((You are amphibious.))
You can wear up to eight rings at the same time.
((Your skin changes colour to match your surroundings (Stealth+).))
((Your rubbery body absorbs attacks. (AC +1, EV +1)))
((You are camouflaged when in or above water. (Stealth+)))
((You have tentacles for arms and can constrict up to eight enemies at once.))


Message History

It was a potion of curing.
You feel better.
You constrict Duvessa. Duvessa hits you with a +0 rapier.
* * * LOW HITPOINT WARNING * * *
Duvessa hits you with a +0 rapier.
* * * LOW HITPOINT WARNING * * *
Dowan barely misses you.
Okay, then.
Okay, then.
Unknown command.
Unknown command.
Unknown command.
Unknown command.
Unknown command.
Unknown command.
Unknown command.
It was a potion of lignification.
You turn into a tree.
Your roots penetrate the ground.
You lose your grip on Duvessa.
Duvessa hits you but does no damage. Dowan barely misses you.
It was a potion of heal wounds.
You feel much better.
Duvessa hits you but does no damage. x2; Dowan hits you but does no damage.
You are poisoned.
You completely miss Duvessa.
Duvessa is severely wounded.
You slash Dowan!
You feel very sick. Duvessa hits you but does no damage.
Dowan mumbles some strange words.
Dowan blinks!
Duvessa hits you but does no damage.
You hit Duvessa but do no damage.
Duvessa is severely wounded.
You feel very sick.
Duvessa says, "When magic and the sword combine, nothing stands against them."
Duvessa hits you with a +0 rapier.
* * * LOW HITPOINT WARNING * * *
Dowan smirks and points a slender finger.
Dowan gestures at you while chanting. The puff of flame hits you!
* * * LOW HITPOINT WARNING * * *
Duvessa hits you with a +0 rapier!
You die...

#....#...###...#
#.#...##...###..##
.....# #.......##
.#...####....###
...e...####....#
.............###
...........###
.#.......##
#...♣....#
.......e##.##
#..........#
#..........#
..##.....>.# .
..........
..#....##..#
........ ..#


You could see Duvessa (fast) and Dowan.

Vanquished Creatures
  A black bear (D:4)
  A bullfrog zombie (D:4)
  A hound (D:4)
  A hound skeleton (D:4)
  5 adders
  An adder skeleton (D:4)
  A worm (D:3)
  6 dart slugs
  5 orcs
  6 ball pythons
  4 endoplasms
  2 giant cockroaches
  6 goblins
  6 hobgoblins
  6 jackals (D:4)
  4 quokkas
  4 bats (D:1)
  3 frilled lizards
  2 kobolds
  4 rats
69 creatures vanquished.

Notes
Turn   | Place    | Note
-------+----------+-------------------------------------------
     0 | D:1      | Atelerd the Octopode Earth Elementalist began the quest for
                  | the Orb.
     0 | D:1      | Reached XP level 1. HP: 11/11 MP: 3/3
   216 | D:1      | Reached XP level 2. HP: 17/17 MP: 5/5
   218 | D:1      | Found a faded altar of an unknown god.
   776 | D:1      | Reached skill level 4 in Earth Magic
   778 | D:1      | Reached XP level 3. HP: 17/21 MP: 3/6
  1101 | D:2      | Identified the +8 war axe of Divine Reinforcement {pain,
                  | rC+}
  1322 | D:2      | Reached XP level 4. HP: 27/27 MP: 7/7
  1881 | D:3      | Found a white marble altar of Elyvilon.
  2202 | D:4      | Reached XP level 5. HP: 25/32 MP: 6/8
  2335 | D:4      | Noticed a black bear
  2340 | D:4      | Killed a black bear
  2341 | D:4      | Reached skill level 1 in Fighting
  2368 | D:4      | Learned a level 4 spell: Petrify
  2498 | D:4      | Reached XP level 6. HP: 34/38 MP: 9/9
  2643 | D:4      | Reached skill level 5 in Earth Magic
  2704 | D:4      | Found an ornate altar of the Wu Jian Council.
  2935 | D:5      | Entered Level 5 of the Dungeon
  2978 | D:5      | Found a shimmering altar of Xom.
  3226 | D:5      | Noticed Duvessa
  3226 | D:5      | Noticed Dowan
  3237 | D:5      | Slain by Duvessa

Illustrated notes

Levels and vault maps discovered:
D:1:      dpeg_arrival_chambers_temple_mockup, layout_loops_ring,
          ebering_ecumenical_altar_rust, ebering_dispersal_statue_hall,
          chequers_serial_rivers_marsh
D:2:      layout_loops_ring, serial_park_tiny_1
D:3:      layout_loops_ring, nicolae_overflow_crystal_walls
D:4:      layout_cave_pools, marbit_many_paths, kennysheep_generic_room_7
D:5:      layout_cave_pools, mainiacjoe_overflow_24_doors,
          kennysheep_little_box, minmay_temple_entry_slanted,
          corexii_corridor_pit, hangedman_minor_gate_pass, uniq_eustachio,
          uniq_duvessa, uniq_menkaure, uniq_blork_the_orc

Skill      XL: |  1  2  3  4  5  6 |
---------------+-------------------+-----
Earth Magic    | 4 5 |  5.0
Transmutations | 2 |  2.7
Fighting       | 1 |  1.5
Stealth        | 3 4 |  4.0
Short Blades   | |  0.1
Dodging        | |  2.6
Spellcasting   | |  2.4

Action                   |  1- 3 |  4- 6 || total
-------------------------+-------+-------++-------
Melee: Dagger            |    34 |       ||    34
       Constrict         |    13 |    20 ||    33
       Tentacles         |    12 |    14 ||    26
       Unarmed           |     2 |       ||     2
       War axe           |     8 |    73 ||    81
 Cast: Sandblast         |     6 |     3 ||     9
       Petrify           |       |     1 ||     1
  Use: Potion            |       |     3 ||     3
 Stab: Sleeping          |    13 |     5 ||    18
       Distracted        |     1 |       ||     1
Armor: Skin              |     2 |    14 ||    16
Dodge: Dodged            |    29 |    60 ||    89
